Map: Terraform LE (Void)

Players

Grapefruit

  • Race: Zerg Zerg
  • League: Platinum

Shanock - Winner!

  • Race: Zerg Zerg
  • League: Platinum

VOD

Have the link to the VOD?

Description

A battle of roaches, ravagers and lurkers. Back and forth, and 186 APM from both sides.

Time

  • Played on: Sept. 29, 2015, 4:30 p.m.
  • Length: 23:09
Show
View Real Time Build Order
Export as new Build Order

Grapefruit Zerg 

Build Orders: Hatch First 

Get SALT Encoding   

  12  0:02  Drone  
  13  0:09  Drone  
  14  0:16  Overlord  
  14  0:21  Extractor  
  14  0:24  Drone  
  15  0:35  Drone x2  
  17  0:46  Drone  
  18  0:57  Hatchery  
  18  0:59  Drone  
  18  1:02  Extractor  
  17  1:07  Drone  
  18  1:18  Spawning Pool  
  17  1:20  Drone  
  18  1:30  Drone  
  19  1:40  Overlord  
  19  1:50  Drone  
  20  2:02  Drone  
  20  2:04  Queen  
  20  2:05  Metabolic Boost  
  23  2:08  Queen  
  23  2:10  Zergling x2  
  23  2:12  Drone  
  27  2:19  Drone  
  28  2:25  Drone  
  29  2:32  Drone  
  30  2:40  Overlord  
  30  2:44  Drone x2, Queen  
  34  3:00  Drone x2  
  36  3:06  Evolution Chamber  
  36  3:09  Baneling Nest, Drone x2  
  36  3:10  Evolution Chamber  
  35  3:16  Drone x2  
  35  3:17  Drone x3  
  40  3:23  Overlord  
  40  3:31  Overlord  
  40  3:34  Zerg Missile Weapons Level 1  
  40  3:43  Drone x3  
  42  4:00  Zerg Ground Armor Level 1  
  42  4:01  Roach Warren, Zergling x6  
  44  4:05  Hatchery  
  43  4:20  Spine Crawler  
  43  4:21  Extractor  
  43  4:23  Extractor  
  40  4:30  Drone x6  
  46  4:32  Extractor  
  46  4:35  Lair  
  46  4:38  Overlord  
  44  4:54  Roach x3  
  44  4:56  Zergling x12  
  44  4:57  Zergling x6  
  58  5:02  Spore Crawler  
  58  5:03  Spore Crawler  
  55  5:08  Roach  
  55  5:09  Overlord, Roach  
  59  5:18  Queen  
  61  5:22  Roach  
  61  5:25  Roach  
  61  5:28  Ravager  
  66  5:29  Ravager x2  
  68  5:38  Roach x3  
  74  5:44  Overlord  
  71  6:00  Roach x3  
  68  6:12  Roach x4  
  68  6:15  Zergling x6  
  76  6:19  Glial Reconstitution  
  71  6:33  Hydralisk Den  
  71  6:37  Pneumatized Carapace  
  68  6:51  Ravager x2  
  68  6:52  Ravager x3  
  73  6:54  Overlord  
  73  6:55  Overlord x3  
  70  7:13  Drone x5  
  70  7:14  Drone x2  
  76  7:22  Hydralisk  
  76  7:23  Hydralisk  
  76  7:28  Hydralisk  
  82  7:31  Hydralisk  
  83  7:40  Spine Crawler  
  81  7:46  Hydralisk x2  
  85  7:51  Overlord  
  85  7:53  Overlord  
  85  7:56  Ravager x2  
  85  7:57  Ravager x2  
  89  7:59  Overlord  
  89  8:12  Roach x4  
  91  8:29  Hydralisk x3  
  91  8:37  Roach x5  
  92  8:43  Roach x2  
  91  8:53  Roach x3  
  78  9:00  Drone  
  78  9:01  Drone x3  
  80  9:09  Ravager x3  
  83  9:10  Drone x2  
  83  9:11  Drone  
  83  9:13  Drone x2  
  83  9:16  Ravager x3  
  87  9:35  Roach  
  87  9:36  Roach x6  
  89  9:40  Drone x2  
  89  9:41  Drone  
  87  9:51  Roach x4  
  89  10:08  Roach x2  
  89  10:09  Roach x6  
  89  10:11  Ravager x2  
  100  10:23  Roach x4  
  98  10:38  Roach  
  98  10:39  Roach x4  
  98  10:40  Zergling x4  
  98  10:41  Zergling x4  
  108  10:49  Drone x4  
  104  10:51  Extractor  
  104  10:52  Hatchery, Extractor  
  104  10:55  Roach x2  
  104  10:56  Roach  
  107  11:00  Drone x3  
  107  11:02  Drone  
  111  11:04  Overlord  
  111  11:06  Overseer  
  111  11:09  Ravager x3  
  111  11:11  Overlord, Lurker Den  
  114  11:16  Overseer  
  114  11:27  Zergling x2  
  114  11:28  Zergling x12  
  114  11:30  Ravager  
  122  11:50  Queen  
  122  11:53  Spine Crawler, Hydralisk  
  122  11:54  Hydralisk x2  
  125  11:55  Overlord x2  
  125  11:59  Overlord x2  
  129  12:05  Queen  
  131  12:13  Ravager x3  
  131  12:14  Ravager x5  
  135  12:37  Hydralisk x3  
  135  12:38  Hydralisk  
  113  12:54  Roach x6  
  113  12:55  Roach x9  
  120  13:03  Zerg Missile Weapons Level 2  
  120  13:05  Drone x5  
  106  13:08  Lurker  
  106  13:11  Lurker  
  111  13:20  Lurker  
  111  13:24  Drone  
  111  13:25  Drone x2  
  106  13:45  Roach  
  106  13:46  Roach x11  
  128  14:09  Roach x6  
  130  14:23  Hatchery  
  117  14:31  Roach  
  117  14:32  Roach x9  
  109  14:42  Hydralisk x3  
  108  14:59  Hydralisk x2  
  108  15:00  Hydralisk x2  
  108  15:03  Hydralisk x2  
  120  15:10  Lurker  
  121  15:20  Extractor  
  121  15:21  Extractor  
  118  15:32  Lurker x2  
  118  15:36  Drone x2  
  118  15:38  Lurker x4  
  124  15:53  Drone  
  124  15:54  Drone x8  
  124  15:56  Spine Crawler  
  132  15:57  Spine Crawler  
  132  15:59  Ravager x5  
  132  16:00  Hydralisk x2  
  140  16:14  Roach  
  140  16:15  Roach x6  
  152  16:47  Roach  
  152  16:48  Roach x10  
  158  17:12  Hydralisk x4  
  158  17:14  Overlord  
  158  17:15  Overlord x2  
  166  17:19  Extractor  
  166  17:20  Drone x2  
  166  17:21  Drone x2  
  169  17:22  Extractor  
  169  17:23  Extractor  
  167  17:32  Hydralisk x3  
  167  17:33  Hydralisk  
  167  17:37  Lurker x2  
  137  18:15  Overlord x2, Lurker x2  
  137  18:17  Roach x2  
  137  18:32  Roach x6  
  121  18:36  Roach  
  121  18:37  Zergling x2  
  121  18:38  Zergling x30  
  121  18:40  Roach x2  
  126  18:56  Hatchery  
  126  19:02  Roach  
  130  19:03  Hatchery, Roach x5  
  125  19:19  Zerg Ground Armor Level 2  
  113  19:37  Hydralisk x3  
  83  19:48  Hydralisk  
  83  19:49  Hydralisk  
  84  20:05  Lurker x2  
  85  20:16  Queen  
  85  20:19  Roach x3  
  92  20:33  Lurker  
  92  20:34  Roach x3  
  99  20:45  Extractor  
  99  20:46  Extractor  
  97  20:53  Roach  
  97  20:54  Roach x3  
  105  21:03  Zergling x2  
  113  21:04  Zergling x16  
  113  21:10  Zerg Melee Weapons Level 1  
  114  21:18  Extractor  
  113  21:26  Roach x5  
  123  21:33  Hatchery  
  123  21:36  Hydralisk x3  
  128  21:50  Lurker, Roach x2  
  128  21:51  Roach  
  128  21:52  Overlord  
  135  22:07  Roach  
  135  22:08  Roach x2  
  138  22:20  Lurker  
Show
View Real Time Build Order
Export as new Build Order

Shanock Zerg - Winner!

Build Orders: Hatch First 

Get SALT Encoding   

  12  0:01  Drone  
  13  0:08  Drone  
  14  0:17  Overlord  
  14  0:35  Drone x3  
  17  0:47  Drone  
  18  0:56  Hatchery  
  17  0:59  Drone  
  18  1:12  Spawning Pool  
  18  1:14  Extractor  
  18  1:17  Drone  
  17  1:20  Drone  
  18  1:30  Drone  
  19  1:44  Overlord  
  19  1:57  Drone  
  19  2:00  Queen  
  22  2:06  Zergling x2  
  23  2:10  Zergling x2, Queen  
  26  2:15  Metabolic Boost  
  26  2:19  Drone  
  26  2:20  Drone  
  28  2:23  Drone  
  29  2:31  Drone  
  29  2:35  Drone, Spine Crawler  
  30  2:40  Queen  
  30  2:43  Drone  
  33  2:45  Drone  
  34  2:54  Overlord  
  34  3:01  Drone  
  34  3:02  Drone  
  35  3:11  Drone  
  35  3:12  Overlord  
  35  3:14  Lair  
  35  3:15  Drone  
  35  3:16  Drone  
  35  3:19  Drone  
  38  3:21  Drone  
  38  3:22  Drone  
  40  3:28  Drone x2  
  40  3:29  Drone  
  40  3:33  Drone  
  44  3:35  Drone  
  44  3:38  Drone  
  46  3:47  Drone x5  
  46  3:48  Drone  
  52  3:53  Roach Warren  
  51  3:58  Overlord  
  51  3:59  Overlord  
  51  4:02  Extractor  
  50  4:03  Extractor  
  50  4:08  Overlord  
  49  4:14  Extractor  
  48  4:17  Evolution Chamber  
  48  4:20  Drone x3, Spire  
  48  4:22  Drone x2  
  48  4:24  Drone  
  52  4:30  Drone  
  52  4:31  Drone x3  
  56  4:34  Drone  
  57  5:02  Zerg Ground Armor Level 1  
  57  5:06  Evolution Chamber  
  56  5:07  Overlord  
  56  5:08  Overlord x2  
  56  5:18  Hatchery, Overseer  
  55  5:24  Roach x4  
  55  5:25  Roach x6  
  76  5:30  Overlord  
  76  5:37  Overlord  
  76  5:38  Mutalisk x2  
  78  5:46  Spine Crawler  
  77  6:03  Roach x2  
  67  6:17  Mutalisk  
  67  6:18  Mutalisk x2  
  65  6:20  Zergling x24  
  79  6:25  Hatchery  
  78  6:54  Glial Reconstitution  
  78  6:55  Roach  
  78  6:56  Zerg Ground Armor Level 2, Roach x5  
  78  7:00  Zergling x12  
  78  7:01  Zergling x4  
  91  7:13  Zergling x2  
  91  7:14  Zergling x2  
  84  7:26  Roach  
  84  7:27  Roach  
  88  7:32  Ravager x3  
  88  7:33  Ravager  
  92  7:37  Hatchery  
  92  7:43  Drone  
  92  7:44  Queen  
  92  7:51  Drone x2  
  95  7:52  Drone x2  
  95  7:55  Ravager x3, Spine Crawler, Extractor  
  95  7:56  Extractor  
  98  8:14  Roach  
  98  8:15  Roach x6  
  98  8:19  Overlord x2  
  112  8:20  Overlord  
  112  8:27  Overlord x2  
  102  8:32  Roach x5  
  102  8:33  Roach  
  80  8:59  Queen  
  80  9:01  Roach x3  
  86  9:05  Ravager x4  
  86  9:08  Drone  
  86  9:09  Drone x9  
  100  9:15  Ravager  
  100  9:16  Ravager  
  102  9:18  Queen  
  101  9:35  Queen  
  90  9:38  Roach  
  90  9:39  Roach x9  
  104  9:49  Roach  
  104  9:50  Roach x2  
  89  10:08  Roach x2  
  89  10:09  Roach x3  
  89  10:11  Spine Crawler  
  93  10:15  Roach x2  
  93  10:16  Roach x2  
  93  10:18  Zerg Missile Weapons Level 1  
  101  10:22  Ravager  
  94  10:40  Roach x2  
  94  10:42  Roach x7  
  105  10:45  Queen  
  105  10:47  Extractor x2  
  105  10:48  Roach x5  
  109  10:54  Ravager x2  
  109  10:55  Ravager x3  
  109  10:56  Zergling x2  
  115  10:57  Zergling x10  
  120  11:08  Ravager x2  
  120  11:11  Drone x2, Spine Crawler  
  121  11:15  Spine Crawler  
  121  11:16  Spine Crawler x2  
  120  11:21  Spine Crawler  
  119  11:30  Drone x12  
  130  11:41  Spine Crawler  
  130  11:43  Spine Crawler  
  128  11:47  Spine Crawler  
  122  11:54  Drone  
  122  11:55  Drone x2  
  122  12:00  Roach x8  
  122  12:01  Spine Crawler  
  140  12:02  Overseer  
  140  12:06  Drone  
  140  12:07  Drone  
  142  12:12  Zerg Missile Weapons Level 2  
  142  12:17  Infestation Pit  
  136  12:38  Roach  
  136  12:39  Roach x8  
  136  12:40  Overlord x3  
  123  13:01  Roach  
  123  13:02  Roach x10  
  143  13:14  Roach x2  
  147  13:22  Hatchery  
  148  13:34  Roach x3  
  148  13:35  Roach x7  
  166  13:42  Overlord x2  
  166  13:50  Ravager  
  166  13:51  Ravager x9  
  176  13:57  Spore Crawler  
  173  14:04  Roach  
  173  14:05  Roach x2  
  162  14:21  Drone  
  162  14:23  Queen  
  165  14:27  Spine Crawler  
  165  14:30  Spine Crawler  
  149  14:38  Spine Crawler x3  
  93  14:40  Roach x5  
  93  14:41  Roach x6  
  112  14:47  Drone  
  112  14:49  Ravager x3  
  112  14:50  Ravager x6  
  112  14:51  Ravager  
  123  14:53  Roach  
  125  15:03  Hive  
  125  15:07  Drone x2  
  124  15:32  Roach x2  
  124  15:33  Roach x8  
  138  15:38  Roach  
  138  15:39  Roach x6  
  138  15:42  Ravager x3  
  156  15:43  Ravager  
  154  16:16  Roach  
  154  16:17  Roach x13  
  154  16:18  Overlord, Roach  
  184  16:19  Ravager x2  
  184  16:20  Ravager  
  185  16:36  Pneumatized Carapace  
  185  16:39  Zerg Missile Weapons Level 3  
  182  16:40  Zerg Ground Armor Level 3  
  156  17:17  Extractor  
  156  17:19  Extractor  
  154  17:28  Roach x4  
  154  17:29  Roach x11  
  184  17:31  Hatchery  
  179  17:45  Roach x5  
  189  17:52  Extractor  
  189  17:54  Extractor  
  181  18:03  Unknown  
  169  18:15  Roach  
  169  18:16  Overseer, Roach x12  
  195  18:23  Roach  
  195  18:24  Roach  
  174  18:40  Roach  
  174  18:41  Roach x6  
  98  19:12  Roach x5  
  98  19:13  Roach x7  
  98  19:15  Overseer  
  99  19:43  Roach  
  99  19:44  Roach x9  
  116  19:50  Roach  
  116  19:59  Roach x2  
  120  20:05  Ravager x4  
  120  20:06  Ravager x9  
  132  20:38  Ravager  
  132  20:39  Ravager x6  
  132  20:40  Ravager  
  132  20:41  Hatchery  
  130  21:57  Roach  
  130  21:58  Roach x13  
  155  22:25  Roach  
  155  22:28  Roach x9  
Tags
 
Add a new tag
Caveats
  • Supply blocks, unpowered buildings, or Contaminate may cause inaccurate times.
  • Supply counts are checked every 10 seconds.